 Dungeon Crawl Stone Soup version 0.28.0-45-g0d030f2227 (webtiles) character file.

Game seed: 13775535032279205253

1769 Descartes the Skirmisher (level 9, 0/69 HPs)
             Began as a Formicid Warper on Apr 1, 2022.
             Killed from afar by an electric eel (14 damage)
             ... with a bolt of electricity
             ... on level 6 of the Dungeon.
             The game lasted 00:17:23 (7217 turns).

Descartes the Skirmisher (Formicid Warper)          Turns: 7217, Time: 00:17:24

Health: 0/69       AC: 15    Str: 17    XL:     9   Next: 28%
Magic:  0/12       EV: 11    Int: 16    God:
Gold:   322        SH:  4    Dex: 10    Spells: 7/12 levels left

rFire   . . .      SeeInvis +   s - +1 war axe
rCold   . . .      Faith    .   v - +0 buckler
rNeg    . . .      Spirit   +   r - +0 chain mail
rPois   .          Reflect  .   (helmet unavailable)
rElec   .          Harm     .   w - +2 cloak
rCorr   .          Rampage  .   g - +0 pair of gloves
Will    .....                   l - +0 pair of boots
Stlth   ..........              n - amulet of guardian spirit
HPRegen 0.21/turn               j - +4 ring of evasion
MPRegen 0.13/turn               (no ring)

@: no status effects
A: permanent stasis, dig shafts and tunnels, antennae 3, four strong arms
a: Dig, Shaft Self


You were on level 6 of the Dungeon.
You visited 1 branch of the dungeon, and saw 6 of its levels.
You also visited: Ossuary.

You collected 322 gold pieces.

Inventory:

Hand Weapons
 d - a +0 whip of electrocution
 q - a +0 flail of holy wrath
 s - a +1 war axe (weapon)
Missiles
 c - 4 boomerangs of dispersal (quivered)
 h - 188 stones
 m - 38 arrows
 o - 2 javelins
 x - 16 bolts
Armour
 g - a +0 pair of gloves (worn)
 l - a +0 pair of boots (worn)
 p - the +1 robe of Evolution {Drain Fly rN++ Will+}
   (You found it on level 3 of the Dungeon)

   rN:        It greatly protects you from negative energy.
   Fly:       It grants you flight.
   Drain:     It drains your maximum health when unequipped.
   Will:      It increases your willpower.
 r - a +0 chain mail (worn)
 v - a +0 buckler (worn)
 w - a +2 cloak (worn)
Jewellery
 j - a +4 ring of evasion (left hand)
 n - an amulet of guardian spirit (around neck)
Wands
 y - a wand of paralysis (5)
Scrolls
 a - a scroll of torment
 b - a scroll of identify
 f - 4 scrolls of amnesia
 k - a scroll of enchant armour
 u - 2 scrolls of teleportation
 B - a scroll of vulnerability {unknown}
 C - a scroll of blinking {unknown}
Potions
 e - a potion of curing
 i - a potion of attraction
 t - 2 potions of degeneration {unknown}
 z - a potion of flight {unknown}
 A - a potion of haste {unknown}


   Skills:
 + Level 6.2 Fighting
 + Level 5.6 Axes
 - Level 1.0 Throwing
 + Level 5.9 Armour
 - Level 1.7 Dodging
 + Level 4.0 Shields
 - Level 2.1 Spellcasting
 + Level 5.6 Translocations


You had 7 spell levels left.
You knew the following spells:

 Your Spells              Type           Power      Damage    Failure   Level
a - Manifold Assault      Tloc           19%        N/A       100%        5

Your spell library contained the following spells:

 Spells                   Type           Power      Damage    Failure   Level
 Gell's Gravitas          Tloc           19%        N/A       67%         3
 Lesser Beckoning         Tloc           19%        N/A       67%         3
 Teleport Other           Tloc           19%        N/A       67%         3
 Portal Projectile        Hex/Tloc       20%        N/A       96%         3
 Ensorcelled Hibernation  Hex/Ice        2%         N/A       99%         2
 Passwall                 Tmut/Erth      0%         N/A       99%         2
 Blade Hands              Tmut           0%         N/A       100%        5
 Excruciating Wounds      Necr           0%         N/A       100%        5
 Blink                    Tloc           Unusable   N/A       N/A         2
 Swiftness                Air            Unusable   N/A       N/A         3

Dungeon Overview and Level Annotations

Branches:
Dungeon (6/15)            Ossuary (visited)
 Temple: D:4-7

Altars:
Cheibriados


Innate Abilities, Weirdness & Mutations

You cannot be hasted, slowed, berserked, paralysed or teleported.
You can dig through walls and to a lower floor.
You have a pair of large antennae on your head. (SInv)
Your four strong arms can wield two-handed weapons with a shield.


Message History

The electric eel shoots out a bolt of lightning at you!
The bolt of electricity hits you. The bolt of electricity hits you!
The bolt of electricity misses the electric eel.
The bolt of electricity hits the plant!
The plant begins to die.
The bolt of electricity hits the plant!
The plant begins to die.
You slash the electric eel!
The electric eel is almost dead.
You hit the plant but do no damage. You hit the plant.
A nearby plant withers and dies. x2
The electric eel shoots out a bolt of lightning at you!
The bolt of electricity hits you! x2
The bolt of electricity hits the electric eel.
The electric eel completely resists.
The bolt of electricity hits the plant! x2
You barely miss the electric eel.
The electric eel is almost dead.
The electric eel shoots out a bolt of lightning at you!
The bolt of electricity hits you!
* * * LOW HITPOINT WARNING * * *
The bolt of electricity hits you.
* * * LOW HITPOINT WARNING * * *
The bolt of electricity hits the electric eel.
The electric eel completely resists.
The bolt of electricity hits the plant! x2
You closely miss the electric eel.
The electric eel is almost dead.
A nearby plant withers and dies.
The electric eel shoots out a bolt of lightning at you!
The bolt of electricity hits you.
* * * LOW HITPOINT WARNING * * *
The bolt of electricity hits you.
* * * LOW HITPOINT WARNING * * *
The bolt of electricity hits the electric eel.
The electric eel completely resists.
The bolt of electricity hits the plant!
The electric eel shoots out a bolt of lightning at you!
The bolt of electricity misses you. x2
The bolt of electricity hits the electric eel.
The electric eel completely resists.
The bolt of electricity hits the plant!
You feel better.
A nearby plant withers and dies.
The electric eel shoots out a bolt of lightning at you!
The bolt of electricity hits you!
You die...

#.#...#
######....#
#....<..#.#
#.###.#.#.###.###
#PP.P............
#PPP≈PPP.#.###.##
#.P≈≈≈P.P#.#
#P≈≈♣≈≈≈≈#.#.#
.PP≈≈♣≈♣≈@...#
.P≈≈ ♣♣♣S.≈###
.P≈♣ ♣≈♣≈≈#


PP♣ P≈≈≈≈PP P≈≈PP♣♣PP# ≈P#.PP ♣P.# P ... ≈≈≈. #### ≈P..# You could see an
electric eel.

Vanquished Creatures
  Sigmund (D:4)
  An ice beast (D:5)
  A sky beast (D:4)
  3 ogres
  2 elf zombies (Ossuary)
  A wyvern zombie (D:4)
  A scorpion (D:4)
  6 killer bees (D:4)
  2 centaur zombies (Ossuary)
  2 orc priests
  2 hounds (D:5)
  2 jellies (D:5)
  A bullfrog skeleton (D:5)
  An iguana (D:5)
  4 orc wizards
  A hound skeleton (D:5)
  2 mummies (Ossuary)
  6 gnolls
  3 adders
  A white imp (D:3)
  2 ufetubi (D:4)
  An adder zombie (Ossuary)
  A worm (D:2)
  4 dart slugs
  16 orcs
  5 ball pythons
  7 bats
  7 endoplasms
  3 giant cockroaches
  7 goblins
  8 hobgoblins
  14 jackals
  9 kobolds
  3 quokkas
  3 frilled lizards
  A goblin zombie (Ossuary)
  15 hobgoblin zombies (Ossuary)
  7 kobold zombies (Ossuary)
  5 orc zombies (Ossuary)
  5 rats
  3 rat zombies (Ossuary)
169 creatures vanquished.

Vanquished Creatures (others)
  4 plants (D:6)
4 creatures vanquished.

Grand Total: 173 creatures vanquished

Notes
Turn   | Place    | Note
-------+----------+-------------------------------------------
     0 | D:1      | Descartes the Formicid Warper began the quest for the Orb.
     0 | D:1      | Reached XP level 1. HP: 16/16 MP: 3/3
   263 | D:1      | Reached XP level 2. HP: 19/23 MP: 5/5
   508 | D:1      | Reached XP level 3. HP: 21/28 MP: 6/6
  1029 | D:1      | Found a faded altar of an unknown god.
  1867 | D:2      | Reached XP level 4. HP: 34/34 MP: 7/7
  1875 | D:2      | Reached skill level 3 in Fighting
  1986 | D:2      | Noticed an ogre
  2011 | D:2      | Killed an ogre
  2012 | D:2      | Reached XP level 5. HP: 20/41 MP: 4/8
  3022 | D:3      | Identified the +1 robe of Evolution {Drain Fly rN++ Will+}
  3076 | D:3      | Reached XP level 6. HP: 23/48 MP: 5/9
  3682 | D:3      | Reached skill level 4 in Fighting
  3975 | D:3      | Learned a level 5 spell: Manifold Assault
  4530 | D:4      | Noticed an ogre
  4536 | D:4      | Killed an ogre
  4537 | D:4      | Reached XP level 7. HP: 50/54 MP: 8/10
  4663 | D:4      | Found a sand-covered staircase.
  4688 | Ossuary  | Entered an ossuary
  5191 | D:4      | Reached skill level 5 in Fighting
  5191 | D:4      | Reached XP level 8. HP: 36/55 MP: 9/11
  5197 | D:4      | Reached skill level 1 in Shields
  5359 | D:4      | Noticed Sigmund
  5377 | D:4      | Killed Sigmund
  5414 | D:4      | Reached skill level 5 in Armour
  5414 | D:4      | Reached skill level 5 in Translocations
  5465 | D:4      | Reached skill level 5 in Axes
  6180 | D:5      | Entered Level 5 of the Dungeon
  6212 | D:5      | Reached XP level 9. HP: 59/69 MP: 9/12
  6431 | D:5      | Reached skill level 6 in Fighting
  6605 | D:5      | Found a snail-covered altar of Cheibriados.
  7216 | D:6      | HP: 3/69 [electric eel/bolt of electricity (5)]
  7217 | D:6      | Killed from afar by an electric eel

Illustrated notes

Levels and vault maps discovered:
D:1:      dpeg_arrival_tiny_h, layout_basic,
          hellmonk_ecumenical_altar_leap_of_faith
D:2:      layout_basic
D:3:      minmay_evil_eye, layout_basic, hangedman_decor_peaks_small
D:4:      layout_rooms, enter_ossuary_3, uniq_sigmund
D:5:      layout_basic, kennysheep_slug_shrine
D:6:      layout_loops_ring, serial_bayou_lagoon_a, uniq_maggie

Skill      XL: |  1  2  3  4  5  6  7  8  9 |
---------------+----------------------------+-----
Translocations | 3 4 5 |  5.6
Armour         | 2 3 4 5 |  5.9
Fighting       | 3 4 5 6 |  6.2
Axes           | 3 4 5 |  5.6
Shields        | 3 4 |  4.0
Throwing       | |  1.0
Dodging        | |  1.7
Spellcasting   | |  2.1

Action                   |  1- 3 |  4- 6 |  7- 9 || total
-------------------------+-------+-------+-------++-------
Melee: Hand axe          |   113 |   176 |       ||   289
       Punch             |       |     1 |     4 ||     5
       War axe           |       |     7 |   270 ||   277
       Flail             |       |       |   139 ||   139
Throw: Javelin           |       |     2 |       ||     2
       Boomerang         |       |     1 |       ||     1
  Use: Scroll            |       |     4 |     3 ||     7
       Potion            |       |       |     6 ||     6
Armor: Leather armour    |    39 |       |       ||    39
       Ring mail         |     2 |    50 |    15 ||    67
       Robe              |       |       |    36 ||    36
       Chain mail        |       |       |   150 ||   150
Dodge: Dodged            |    74 |   154 |   352 ||   580
Block: Buckler           |       |       |    61 ||    61
